 Dungeon Sprint DCSS version 0.29-a0-297-g7659ce593d (webtiles) character file.

Game seed: 10224616149688654936

2300000 namelastname112 the Axe Maniac (level 17, -36/182 HPs)
             Began as a Demonspawn Gladiator on Mar 21, 2022.
             Was a High Priest of Makhleb.
             Annihilated by a large bag of meat
             ... wielding a +9 giant spiked club
              (102 damage)
             ... in the Dungeon (Sprint VIII: "Arena of Blood").
             The game lasted 00:00:31 (23 turns).

namelastname112 the Axe Maniac (Demonspawn Gladiator) Turns: 23, Time: 00:00:32

Health: -36/182    AC:  8    Str: 21    XL:     17   Next: 77%
Magic:  17/17      EV: 27    Int: 11    God:    Makhleb [*****.]
Gold:   0          SH:  0    Dex: 15    Spells: 16/16 levels left

rFire   . . .      SeeInvis .   l - +∞ Axe of Woe
rCold   . . .      Faith    .   (shield currently unavailable)
rNeg    . . .      Spirit   .   b - +0 leather armour
rPois   .          Reflect  .   c - +0 helmet
rElec   .          Harm     .   (no cloak)
rCorr   .          Rampage  .   (no gloves)
Will    +....      NoTele   +   (boots unavailable)
Stlth   +.........              (no amulet)
HPRegen 0.40/turn               (no ring)
MPRegen 0.15/turn               (no ring)

@: no status effects
A: hooves 3, rugged brown scales 2, foul stench 1, demonic magic 1
a: Renounce Religion, Minor Destruction, Lesser Servant of Makhleb, Major
Destruction, Greater Servant of Makhleb


You were in the Dungeon.
You worshipped Makhleb.
Makhleb was extremely pleased with you.
You visited 1 branch

Inventory:

Hand Weapons
 a - a +0 war axe
 l - the +∞ Axe of Woe (weapon)
   (You found it in the Dungeon)
Missiles
 d - 3 throwing nets (quivered)
 e - a javelin
Armour
 b - a +0 leather armour (worn)
 c - a +0 helmet (worn)
Scrolls
 k - a scroll of blinking
Potions
 f - a potion of curing
 g - a potion of heal wounds
 h - a potion of haste
 i - 2 potions of magic
 j - a potion of berserk rage


   Skills:
 O Level 27 Fighting
 O Level 27 Axes
 O Level 27 Throwing
 + Level 15.3 Armour
 O Level 27 Dodging


You had 16 spell levels left.
You didn't know any spells.
Your spell library was empty.

Dungeon Overview and Level Annotations

Branches:
Dungeon (1/1)

Altars:
Makhleb


Innate Abilities, Weirdness & Mutations

You have hooves in place of feet.
You are mostly covered in rugged brown scales. (AC +2, +5% HP)
You may rarely emit foul miasma when damaged in melee.
Spells you cast may paralyse adjacent enemies.


Message History

The large bag of meat explodes!!!
The fiery explosion engulfs you!!!!!!
You are engulfed in blazing flames!
You hear a shout!!! x2
A meat berserker comes into view! It is wielding a +9 BATTLEAXE!
The meat berserker rages!
A meat berserker comes into view! It is wielding a +9 BATTLEAXE!
You hear a shout!!! x2
You have mastered Throwing!!!
Your Armour skill gained 7 levels and is now at level 12!!!
You have reached level 17!!!
Your demonic ancestry asserts itself!!!
Your feet have mutated into hooves!
You take 31 damage, and have 144/182 hp!
MP restored: 17 You hear a shout!!! x2
A bag of meat comes into view! It is wielding a +9 war axe!
The bag of meat barely misses you!
You hear a shout!!! x3
The meat berserker rages!
You hear a shout!!! x3
You open the bag of meat like a pillowcase!!!!!!
You dissect the bag of meat like a pig carcass!
You annihilate the bag of meat!!!
Makhleb roars: ANNIHILATED!
You feel better!
The meat berserker is engulfed in blazing flames!
You hear a shout!!!
The meat berserker is engulfed in blazing flames!
You hear a shout!!! x2
A meat berserker comes into view! It is wielding a +9 BATTLEAXE!
Your Armour skill gained 3 levels and is now at level 15!!!
You regained 19 hp, and now have 164/182 hp!
The meat berserker is engulfed in blazing flames! x2
The meat berserker rages!
You hear a shout!!! x4
The large bag of meat hits you with a +9 giant spiked club!!!!!!!!!!!!
DANG The large bag of meat hits you with a +9 giant spiked club!!!!!!!!!!!!
DANG rip

....#_.<._#.......
....#.....#......# #
......._).........
........###oo.o.....
...###.....O)###....
.... #...§§O)# .
.....#...§°§.#..
........OOo§.....
.......@.).......#
..O.....Ooo.....#.
..............##..
....#........#....
... ...o.....#...##
.. ##.#.......... .
...........
....#.....##


You could see a large bag of meat (inner flame), 5 meat berserkers and 7 bags of
meat.

Vanquished Creatures
  7 ogres (D)
  A two-headed ogre (D)
  12 orcs (D)
20 creatures vanquished.

Notes
Turn   | Place    | Note
-------+----------+-------------------------------------------
     0 | D        | Found the +∞ Axe of Woe
     0 | D        | namelastname112 the Demonspawn Gladiator began the quest
                  | for the Orb.
     0 | D        | Reached XP level 1. HP: 16/16 MP: 1/1
     2 | D        | Noticed a bag of meat
     2 | D        | Noticed a bag of meat
     4 | D        | Killed a bag of meat
     5 | D        | Reached skill level 15 in Axes
     5 | D        | Reached skill level 15 in Dodging
     5 | D        | Gained mutation: You may rarely emit foul miasma when
                  | damaged in melee. [demonic ancestry]
     5 | D        | Reached XP level 2. HP: 34/34 MP: 2/2
     5 | D        | Reached XP level 3. HP: 40/40 MP: 3/3
     5 | D        | Reached XP level 4. HP: 46/46 MP: 4/4
     5 | D        | Reached XP level 5. HP: 52/52 MP: 5/5
     5 | D        | Reached XP level 6. HP: 59/59 MP: 6/6
     5 | D        | Reached XP level 7. HP: 64/64 MP: 7/7
     5 | D        | Gained mutation: You are partially covered in rugged brown
                  | scales. (AC +1, +3% HP) [demonic ancestry]
     5 | D        | Reached XP level 8. HP: 64/73 MP: 8/8
     5 | D        | Reached XP level 9. HP: 70/79 MP: 9/9
     5 | D        | Gained mutation: Spells you cast may paralyse adjacent
                  | enemies. [demonic ancestry]
     5 | D        | Reached XP level 10. HP: 75/85 MP: 10/10
     5 | D        | Became a worshipper of Makhleb the Destroyer
     6 | D        | Noticed a meat berserker
     6 | D        | Noticed a meat berserker
     6 | D        | Noticed a bag of meat
     7 | D        | Noticed a bag of meat
     7 | D        | Noticed a meat berserker
     8 | D        | Noticed a bag of meat
     9 | D        | Killed a meat berserker
     9 | D        | Killed a meat berserker
     9 | D        | Reached * piety under Makhleb
     9 | D        | Noticed a bag of meat
     9 | D        | Noticed a meat berserker
    10 | D        | Reached skill level 10 in Throwing
    10 | D        | Reached XP level 11. HP: 90/100 MP: 11/11
    10 | D        | Reached XP level 12. HP: 97/108 MP: 12/12
    10 | D        | Gained mutation: You have large cloven feet. [demonic
                  | ancestry]
    10 | D        | Reached XP level 13. HP: 102/114 MP: 13/13
    10 | D        | Noticed a meat berserker
    10 | D        | Killed a bag of meat
    10 | D        | Killed a meat berserker
    10 | D        | Noticed a meat berserker
    11 | D        | Gained mutation: You are mostly covered in rugged brown
                  | scales. (AC +2, +5% HP) [demonic ancestry]
    11 | D        | Reached XP level 14. HP: 117/127 MP: 14/14
    11 | D        | Killed a bag of meat
    11 | D        | Reached ** piety under Makhleb
    11 | D        | Killed a bag of meat
    12 | D        | Reached skill level 15 in Fighting
    12 | D        | Noticed a bag of meat
    12 | D        | Noticed a bag of meat
    12 | D        | Noticed a bag of meat
    12 | D        | Noticed a bag of meat
    13 | D        | Noticed a bag of meat
    13 | D        | Noticed a bag of meat
    13 | D        | Noticed a large bag of meat
    13 | D        | Noticed a bag of meat
    14 | D        | Noticed a meat berserker
    14 | D        | Noticed a bag of meat
    15 | D        | Killed a meat berserker
    15 | D        | Killed a bag of meat
    15 | D        | Reached *** piety under Makhleb
    15 | D        | Noticed a bag of meat
    16 | D        | Reached skill level 27 in Axes
    16 | D        | Reached XP level 15. HP: 140/140 MP: 15/15
    16 | D        | Killed a meat berserker
    16 | D        | Reached **** piety under Makhleb
    16 | D        | Noticed a meat berserker
    17 | D        | Reached skill level 27 in Dodging
    17 | D        | Gained mutation: You have hoof-like feet. [demonic
                  | ancestry]
    17 | D        | Reached XP level 16. HP: 160/160 MP: 16/16
    17 | D        | Noticed a large bag of meat
    17 | D        | Noticed a meat berserker
    18 | D        | Killed a meat berserker
    19 | D        | Reached skill level 27 in Fighting
    19 | D        | Reached skill level 5 in Armour
    20 | D        | Killed a meat berserker
    20 | D        | Reached ***** piety under Makhleb
    20 | D        | Killed a large bag of meat
    20 | D        | Noticed a meat berserker
    20 | D        | Noticed a meat berserker
    21 | D        | Reached skill level 27 in Throwing
    21 | D        | Gained mutation: You have hooves in place of feet. [demonic
                  | ancestry]
    21 | D        | Reached XP level 17. HP: 144/182 MP: 17/17
    22 | D        | Noticed a meat berserker
    23 | D        | Reached skill level 15 in Armour
    23 | D        | Annihilated by a large bag of meat

Illustrated notes

Levels and vault maps discovered:
D:        meatsprint

Skill      XL: |  1  2  3  4  5  6  7  8  9 10 11 12 13 14 15 16 17 |
---------------+----------------------------------------------------+-----
Fighting       | 9 13 14 17 21 27 | 27.0
Axes           | 15 21 23 27 | 27.0
Throwing       | 7 10 12 13 16 27 | 27.0
Dodging        | 15 20 22 25 27 | 27.0
Armour         | 12 15 | 15.3

Action                   |  1- 3 |  4- 6 |  7- 9 | 10-12 | 13-15 | 16-18 || total
-------------------------+-------+-------+-------+-------+-------+-------++-------
Melee: Executioner's axe |     1 |       |       |     1 |     4 |     3 ||     9
Dodge: Dodged            |       |       |       |     1 |     1 |     2 ||     4

Table legend: (Time is in decaauts)
 A = Elapsed time spent in this place.
 B = Non-inter-level travel time spent in this place.
 C = Inter-level travel time spent in this place.
 D = Time resting spent in this place.
 E = Time spent auto-exploring this place.
 F = Levels seen in this place.
 G = Mean time per level.
                   A        B        C        D        E       F      G
               +--------+--------+--------+--------+--------+-----+--------+
         Total |     21 |     21 |      0 |      0 |      0 |   1 |   21.0 |
       Dungeon |     21 |     21 |      0 |      0 |      0 |   1 |   21.0 |
               +--------+--------+--------+--------+--------+-----+--------+

Top non-repeatable levels by time:
       D: 21 daAuts
